 Dungeon Crawl Stone Soup version 0.27-a0-333-gfa571bf19a (webtiles) character file.

Game seed: 189930764076807862

143022 toffzen the Imperceptible (level 16, 91/91 HPs)
             Began as a Spriggan Brigand on Oct 21, 2020.
             Was an Initiate of Gozag.
             Quit the game on level 2 of the Orcish Mines on Feb 12, 2021.
             The game lasted 03:19:28 (68597 turns).

toffzen the Imperceptible (Spriggan Brigand)       Turns: 68597, Time: 03:19:28

Health: 91/91      AC:  8    Str:  7    XL:     16   Next: 81%
Magic:  29/29      EV: 31    Int: 20    God:    Gozag
Gold:   8471       SH:  8    Dex: 17    Spells: 15/32 levels left

rFire    . . .     SeeInvis +   i - +0 dagger (drain)
rCold    + . .     Faith    .   l - +0 buckler
rNeg     . . .     Spirit   .   R - +2 robe {rC+}
rPois    .         Reflect  .   O - +1 hat
rElec    .         Harm     .   x - +2 cloak
rCorr    .         Rampage  .   (gloves unavailable)
Will     +++..                  (boots unavailable)
Stlth    ++++++++..             (no amulet)
HPRegen  0.25/turn              M - ring of wizardry
MPRegen  0.21/turn              H - ring of willpower

@: very quick
A: very small, unfitting armour, see invisible, speed 3
a: Renounce Religion, Potion Petition, Call Merchant, Bribe Branch


You were on level 2 of the Orcish Mines.
You worshipped Gozag.
Gozag was greatly pleased with you.
You visited 7 branches of the dungeon, and saw 30 of its levels.

You collected 10285 gold pieces.
You spent 930 gold pieces at shops.
You paid 884 gold pieces to Gozag.

Inventory:

Hand Weapons
 a - a +2 dagger of venom
 b - a +2 rapier of flaming
 i - a +0 dagger of draining (weapon)
 D - a +2 flail of holy wrath
 E - a +2 trident of flaming
 Z - the +2 whip "Zump" {holy, rF- rC+ Str+7 Dex+2}
   (You found it on level 1 of the Spider Nest)

   It has been blessed by the Shining One to cause great damage to the undead
   and demons.
   It affects your strength (+7).
   It affects your dexterity (+2).
   It makes you vulnerable to fire.
   It protects you from cold.
Missiles
 d - 99 poisoned darts
 e - 8 curare-tipped darts
 h - 670 stones
 m - 357 sling bullets
 r - 2 throwing nets
 G - 15 atropa-tipped darts
Armour
 l - a +0 buckler (worn)
 x - a +2 cloak (worn)
 O - a +1 hat (worn)
 R - a +2 robe of cold resistance (worn)
 T - a +1 robe of fire resistance
Jewellery
 B - a +6 ring of dexterity
 H - a ring of willpower (right hand)
 M - a ring of wizardry (left hand)
 N - a ring of ice
Wands
 u - a wand of flame (11) (quivered)
 w - a wand of digging (2)
 U - a wand of paralysis (11)
 V - a wand of mindburst (3)
 X - a wand of acid (2)
Scrolls
 c - 2 scrolls of fog
 g - 18 scrolls of removedness
 n - 5 scrolls of teleportation
 y - 7 scrolls of enchant weapon
 z - 6 scrolls of enchant armour
 C - 6 scrolls of magic mapping
 J - a scroll of blinking
 P - a scroll of fear
 S - 5 scrolls of amnesia
 W - 3 scrolls of identify
Potions
 f - a potion of brilliance
 j - 3 potions of resistance
 o - 4 potions of haste
 p - 6 potions of might
 q - 3 potions of mutation
 s - 6 potions of magic
 t - 2 potions of ambrosia
 v - 2 potions of heal wounds
 A - a potion of cancellation
 F - 5 potions of flight
 I - 4 potions of lignification
 K - a potion of invisibility
 Q - a potion of curing
Miscellaneous
 k - a lightning rod (4/4)
 L - a lightning rod (4/4)
 Y - a phantom mirror


   Skills:
 + Level 13.2 Fighting
 - Level 2.1 Short Blades
 - Level 2.0 Throwing
 - Level 15.0 Dodging
 + Level 21.4 Stealth
 - Level 6.7 Shields
 + Level 8.8 Spellcasting
 - Level 2.0 Conjurations
 + Level 12.4 Hexes
 - Level 7.0 Summonings
 - Level 3.0 Ice Magic
 - Level 4.0 Air Magic
 - Level 3.0 Poison Magic


You had 15 spell levels left.
You knew the following spells:

 Your Spells              Type           Power        Failure   Level
a - Ensorcelled Hibernat  Hex/Ice        78%          1%          2
b - Freeze                Ice            80%          1%          1
c - Summon Lightning Spi  Summ/Air       30%          3%          4
d - Mephitic Cloud        Conj/Pois/Air  20%          2%          3
e - Shock                 Conj/Air       80%          1%          1
f - Summon Ice Beast      Ice/Summ       28%          4%          4
g - Blink                 Tloc           N/A          4%          2

Your spell library contained the following spells:

 Spells                   Type           Power        Failure   Level
 Magic Dart               Conj           64%          1%          1
 Call Imp                 Summ           36%          1%          2
 Slow                     Hex            56%          1%          2
 Swiftness                Air            24%          1%          2
 Corpse Rot               Necr/Air       N/A          2%          2
 Static Discharge         Conj/Air       20%          2%          3
 Silence                  Hex/Air        20%          3%          5
 Conjure Flame            Conj/Fire      12%          6%          3
 Ignite Poison            Fire/Tmut/Pois 12%          6%          3
 Airstrike                Air            12%          6%          4
 Gell's Gravitas          Tloc           4%           10%         3
 Lesser Beckoning         Tloc           4%           10%         3
 Teleport Other           Tloc           8%           10%         3
 Lightning Bolt           Conj/Air       10%          26%         5
 Animate Dead             Necr           4%           32%         4
 Passage of Golubria      Tloc           N/A          32%         4
 Fireball                 Conj/Fire      6%           50%         5
 Conjure Ball Lightning   Conj/Air       10%          78%         6
 Simulacrum               Ice/Necr       7%           92%         6
 Starburst                Conj/Fire      6%           96%         6
 Ignition                 Fire           4%           100%        8
 Shatter                  Erth           4%           100%        9
 Tornado                  Air            12%          100%        9


Dungeon Overview and Level Annotations

Branches:
Dungeon (15/15)            Temple (1/1) D:4            Lair (6/6) D:8
 Shoals (1/4) Lair:3       Spider (4/4) Lair:4          Orc (2/2) D:12
    Elf (1/3) Orc:2        Vaults (0/5) D:13
  Slime: Lair:5-6    Depths: D:15

Altars:
Ashenzari
Cheibriados
Dithmenos
Elyvilon
Fedhas
Gozag
Hepliaklqana
Kikubaaqudgha
Makhleb
Nemelex Xobeh
Okawaru
Qazlal
Ru
Sif Muna
Trog
Uskayaw
Vehumet
Wu Jian
Xom
Yredelemnul
Zin
The Shining One
Beogh

Shops:
Orc:1 x   Orc:2 ?(*(*   Lair:5 :

Annotations:
D:2 1 runed translucent door, exclusion: door, Crazy Yiuf
D:6 Maggie
D:10 Fannar; Josephine
Lair:1 exclusion: 3 oklob plants
Lair:3 exclusion: 2 oklob plants
Lair:5 3 runed translucent doors, exclusion: oklob plant, Ruidais's ghost, journeyman MiFi
Lair:6 2 runed translucent doors


Innate Abilities, Weirdness & Mutations

You are very small and have problems with some larger weapons.
You are too small for most types of armour.
You have supernaturally acute eyesight. (SInv)
You cover ground extremely quickly.


Message History

You blink.
You see here 2 bolts.
There is a staircase back to the Dungeon, spattered with blood here.
Things that are here:
6 bolts; 14 arrows; a +0 shortbow
There is a stone staircase leading down, spattered with blood here.
Things that are here:
a +0 flail; a +0 giant club You block the +1 mace of protection's attack.
You climb downwards.
There is a stone staircase leading up, spattered with blood here.
Things that are here:
10 arrows; 19 bolts
Casting: Blink (safe; 4% risk of failure)
Confirm with . or Enter, or press ? or * to list all spells.
You don't know that spell.
Things that are here:
a bolt; a +0 robe; a +0 dagger You see here a bolt.
You see here a bolt.
You see here 3 bolts.
Things that are here:
a +0 battleaxe; 24 bolts; a +0 arbalest
Things that are here:
a +0 great mace; 12 bolts; a +0 arbalest Magic restored.
Things that are here:
a +1 dagger of venom; a +0 leather armour
There is a staircase to the Elven Halls, spattered with blood here.
You see here an arrow.
Save game and exit?
Your Dodging skill decreases to level 15!
Welcome back, toffzen the Spriggan Brigand.
Gozag says: Greed is good.
Press ? for a list of commands and other information.
Save game and exit?
Okay, then.
Unknown command.
Unknown command.
Are you sure you want to abandon this character and quit the game? (Confirm with "yes".)

### #...).#................
##.####...((.................
#...##......#................
##..........#.............^..
##.##.##.[#.................
######.....[...............
#.....................
##..)[..............#. ###
##..@)..............# ##.##
##..[(....#......#...
####...###...#................
##.#..........###..............
#..............###...#...#.....
##.#.#....#...###.....###......
######.####.## ##...###.......
### ### ##.## #...#... ###
##.#....


There were no monsters in sight!

Vanquished Creatures
  Agnes (D:14)
  2 ghost moths (Spider:3)
  5 emperor scorpions
  4 entropy weavers
  2 spark wasps (Spider:3)
  A fire dragon (D:15)
  3 vault guards (D:13)
  Erolcha (D:9)
  4 hydras
  A death knight (D:10)
  A death yak (Lair:5)
  6 centaur warriors
  3 two-headed ogres
  A tengu warrior (D:9)
  Urug (Orc:1)
  3 orc high priests
  3 deep elf knights
  3 unseen horrors
  A sea snake (Shoals:1)
  6 orc knights
  A deep elf archer (Elf:1)
  A lindwurm (Lair:6)
  A necromancer (D:14)
  22 orb spiders
  A wolf spider zombie (D:14)
  27 wolf spiders
  3 manticores
  2 orc sorcerers
  7 ugly things
  15 deep elf pyromancers
  11 elephants
  A moth of wrath (Spider:4)
  A cyclops (D:13)
  A water nymph (Shoals:1)
  A merfolk siren (Shoals:1)
  6 black mambas
  3 torpor snails
  A cane toad (shapeshifter) (D:13)
  9 cane toads
  9 demonic crawlers
  A kobold demonologist (D:13)
  8 komodo dragons
  2 yaktaurs (D:13)
  An efreet (D:14)
  A merfolk (Shoals:1)
  4 tengu conjurers
  4 trolls
  3 meliai
  A queen bee (shapeshifter) (D:14)
  7 hornets
  31 jumping spiders
  11 blink frogs
  6 slime creatures
  A snapping turtle (Lair:3)
  2 centaur simulacra (D:14)
  12 removed hippogriffs
  30 tarantellas
  62 redbacks
  A shadow (D:13)
  27 yaks
  2 wraiths
  6 wyverns
  A fire elemental (Elf:1)
  2 steam dragons
  10 vampire mosquitoes
  4 basilisks
  6 wargs (D:12)
  An acid dragon (D:14)
  2 soldier ants
  15 water moccasins
  13 removed porcupines
  2 hell hounds (Lair:6)
  4 black bears
  35 orc warriors
  An eye of draining (D:14)
  8 ice beasts
  A sky beast (D:11)
  2 necrophages
  A wolf (shapeshifter) (Elf:1)
  8 wolves
  3 boggarts (D:11)
  11 centaurs
  9 ogres
  10 removed crocodiles
  4 kobold brigands
  17 bullfrogs
  A water moccasin zombie (D:6)
  32 scorpions
  9 killer bees
  13 wights
  5 electric eels
  3 howler monkeys
  5 jellies
  16 orc priests
  8 hounds
  22 orc wizards
  A gnoll shaman (D:7)
  Terence (D:2)
  3 iguanas
  10 worker ants
  2 killer bee zombies
  A hound zombie (D:6)
  2 hound skeletons
  A worker ant zombie (D:10)
  9 gnolls
  2 howler monkey skeletons
  24 adders
  A shadow imp (D:5)
  4 white imps
  2 ufetubi
  2 oozes
  An adder skeleton (D:9)
  An adder zombie (D:9)
  3 worms
  2 dart slugs
  2 leopard geckos
  85 orcs
  5 giant cockroaches
  16 goblins
  10 hobgoblins
  18 jackals
  4 quokkas
  2 ball pythons
  4 bats
  4 frilled lizards
  A jackal skeleton (D:6)
  28 kobolds
  A quokka skeleton (D:4)
  5 rats
  A bush (D:15)
940 creatures vanquished.

Vanquished Creatures (collateral kills)
  An alligator (Lair:6)
  An oklob plant (Lair:3)
  A wolf spider (Spider:3)
  A manticore (Shoals:1)
  A centaur zombie (D:14)
  2 molten gargoyles (Lair:6)
  2 demonic crawlers (Lair:4)
  A komodo dragon (Lair:6)
  2 jumping spiders
  A polar bear (Lair:3)
  A slime creature (D:13)
  A removed hippogriff (Lair:6)
  3 tarantellas
  5 redbacks
  4 yaks (Lair:6)
  A basilisk (D:15)
  3 vampire mosquitoes
  An acid dragon (D:15)
  2 hell hounds (Lair:6)
  7 orc warriors (Orc:2)
  An ogre (Orc:2)
  A removed crocodile (Lair:6)
  4 wights (D:13)
  4 lava snakes (Lair:6)
  2 orc priests (Orc:2)
  4 orc wizards
  A nameless horror (Lair:4)
  15 orcs
73 creatures vanquished.

Vanquished Creatures (others)
  A dancing weapon (Elf:1)
  A wolf spider (Lair:4)
  An orb spider (Spider:1)
  A removed crocodile (Lair:5)
  A jelly (D:15)
  2 orcs
  15 bushes
  71 fungi
  137 plants
230 creatures vanquished.

Grand Total: 1243 creatures vanquished

Notes
Turn   | Place    | Note
-------+----------+-------------------------------------------
     0 | D:1      | toffzen the Spriggan Brigand began the quest for the Orb.
     0 | D:1      | Reached XP level 1. HP: 10/10 MP: 2/2
    52 | D:1      | Reached skill level 6 in Stealth
   427 | D:1      | Reached XP level 2. HP: 14/14 MP: 3/3
   700 | D:1      | Reached skill level 7 in Stealth
  1032 | D:1      | Reached XP level 3. HP: 18/18 MP: 4/4
  1058 | D:2      | Noticed Terence
  1062 | D:2      | Killed Terence
  1062 | D:2      | Reached skill level 8 in Stealth
  1512 | D:2      | Reached XP level 4. HP: 22/22 MP: 5/5
  1809 | D:2      | Found a runed translucent door.
  1810 | D:2      | Noticed Crazy Yiuf
  2054 | D:2      | Reached skill level 9 in Stealth
  2749 | D:3      | Found a white marble altar of Elyvilon.
  3019 | D:3      | Reached XP level 5. HP: 23/25 MP: 6/6
  3664 | D:4      | Reached skill level 10 in Stealth
  4175 | D:4      | Found a staircase to the Ecumenical Temple.
  4195 | Temple   | Entered the Ecumenical Temple
  4341 | Temple   | Became a worshipper of Gozag Ym Sagoz the Greedy
  4593 | D:5      | Entered Level 5 of the Dungeon
  4725 | D:5      | Reached XP level 6. HP: 8/30 MP: 7/7
  6091 | D:5      | Reached skill level 1 in Shields
  6524 | D:5      | Reached XP level 7. HP: 35/35 MP: 8/8
  6885 | D:6      | Reached skill level 11 in Stealth
  7425 | D:6      | Reached skill level 5 in Dodging
  7840 | D:6      | Found a shimmering altar of Xom.
  8144 | D:6      | Noticed Maggie
  8395 | D:6      | Reached XP level 8. HP: 28/41 MP: 9/9
  9684 | D:7      | Found a hide-covered altar of Uskayaw.
 10290 | D:8      | Reached skill level 12 in Stealth
 10415 | D:8      | Noticed a hornet
 10426 | D:8      | Killed a hornet
 10648 | D:8      | Found the +10 tower shield of Ignorance {rN+ Int-4}
 10939 | D:8      | Reached XP level 9. HP: 45/46 MP: 10/10
 10943 | D:8      | Noticed a two-headed ogre
 10974 | D:8      | Killed a two-headed ogre
 10974 | D:8      | Reached skill level 5 in Fighting
 10974 | D:8      | Reached skill level 13 in Stealth
 12134 | D:8      | Found a staircase to the Lair.
 12933 | D:9      | Noticed Erolcha
 12993 | D:9      | Killed Erolcha
 12993 | D:9      | Reached XP level 10. HP: 13/53 MP: 11/11
 13381 | D:9      | Reached skill level 10 in Dodging
 13381 | D:9      | Reached skill level 5 in Shields
 13711 | D:9      | Reached skill level 14 in Stealth
 14265 | D:10     | Entered Level 10 of the Dungeon
 14589 | D:10     | Found a sparkling altar of Nemelex Xobeh.
 14975 | D:10     | Noticed a two-headed ogre
 15005 | D:10     | Killed a two-headed ogre
 15295 | D:10     | Noticed Fannar
 15552 | D:10     | Noticed Josephine
 15917 | D:10     | Noticed a tengu warrior
 16010 | Lair:1   | Entered Level 1 of the Lair of Beasts
 16166 | Lair:1   | Noticed a cane toad
 16173 | Lair:1   | Killed a cane toad
 16268 | Lair:1   | Reached skill level 15 in Stealth
 16756 | Lair:1   | Reached XP level 11. HP: 33/58 MP: 12/12
 17488 | Lair:1   | Noticed a four-headed hydra
 18375 | Lair:2   | Noticed a wolf spider
 19101 | Lair:1   | Killed a four-headed hydra
 19595 | Lair:1   | Reached skill level 16 in Stealth
 19632 | Lair:1   | Noticed an oklob plant
 19632 | Lair:1   | Noticed an oklob plant
 19632 | Lair:1   | Noticed an oklob plant
 21397 | Lair:1   | Killed a wolf spider
 21397 | Lair:1   | Reached XP level 12. HP: 49/65 MP: 13/13
 22162 | Lair:3   | Reached skill level 1 in Spellcasting
 23283 | Lair:2   | Reached skill level 17 in Stealth
 25867 | Lair:4   | Found a hole to the Spider Nest.
 26083 | Lair:4   | Reached skill level 5 in Spellcasting
 26990 | Lair:4   | Reached skill level 18 in Stealth
 27305 | Lair:5   | Noticed a six-headed hydra
 27310 | Lair:5   | Killed a six-headed hydra
 27343 | Lair:5   | Noticed an eight-headed hydra
 27834 | Lair:5   | Bought Lehisk's Almanac of Darkness and Cold for 851 gold
                  | pieces
 27837 | Lair:5   | Learned a level 2 spell: Ensorcelled Hibernation
 28097 | Lair:5   | Noticed a death yak
 28104 | Lair:5   | Killed a death yak
 28104 | Lair:5   | Reached skill level 1 in Hexes
 28144 | Lair:5   | Found a runed translucent gate.
 28145 | Lair:5   | Found a runed translucent gate.
 28147 | Lair:5   | Found a runed translucent gate.
 28149 | Lair:5   | Noticed Ruidais's ghost (journeyman MiFi)
 28392 | Lair:5   | Killed an eight-headed hydra
 28392 | Lair:5   | Reached XP level 13. HP: 72/72 MP: 19/23
 29622 | D:9      | Learned a level 1 spell: Freeze
 29818 | D:10     | Reached skill level 10 in Fighting
 31054 | D:11     | Reached skill level 1 in Ice Magic
 31294 | D:11     | Learned a level 4 spell: Summon Lightning Spire
 31795 | D:11     | Reached skill level 1 in Air Magic
 32131 | D:12     | Reached skill level 1 in Summonings
 32213 | D:12     | Found a staircase to the Orcish Mines.
 32612 | D:12     | Found a gate leading to a gauntlet.
 33395 | Orc:1    | Entered Level 1 of the Orcish Mines
 35041 | Orc:1    | Found Vauram's Gadget Shoppe.
 35065 | Orc:1    | Noticed Urug
 35072 | Orc:1    | Killed Urug
 35477 | Orc:2    | Entered Level 2 of the Orcish Mines
 35964 | Orc:2    | Found Xijec's General Store.
 36126 | Orc:2    | Found a staircase to the Elven Halls.
 36733 | Orc:2    | Reached skill level 5 in Summonings
 37650 | Orc:2    | Found Wehaheu's General Store.
 37650 | Orc:2    | Found Qauc Todgh's Weapon Shoppe.
 37652 | Orc:2    | Found Koomp's Magic Scroll Emporium.
 37654 | Orc:2    | Found Zohoen's Weapon Shop.
 37664 | Orc:2    | Bought a scroll of identify for 34 gold pieces
 37671 | Orc:2    | Bought a potion of curing for 45 gold pieces
 38003 | Orc:2    | Found a roughly hewn altar of Beogh.
 38570 | D:13     | Reached skill level 19 in Stealth
 39047 | D:13     | Reached XP level 14. HP: 40/77 MP: 10/24
 40239 | D:13     | Learned a level 3 spell: Mephitic Cloud
 40366 | D:13     | Reached skill level 1 in Poison Magic
 40740 | D:13     | Reached skill level 1 in Conjurations
 41644 | D:13     | Found a gate to the Vaults.
 41835 | D:14     | Noticed Agnes
 41839 | D:14     | Killed Agnes
 42287 | D:14     | Reached skill level 15 in Dodging
 42387 | D:14     | Found a snail-covered altar of Cheibriados.
 42736 | D:15     | Entered Level 15 of the Dungeon
 43088 | D:14     | Reached skill level 20 in Stealth
 44942 | D:15     | Learned a level 1 spell: Shock
 45879 | D:15     | Learned a level 4 spell: Summon Ice Beast
 46203 | Lair:6   | Entered Level 6 of the Lair of Beasts
 47734 | Lair:6   | Reached XP level 15. HP: 83/83 MP: 12/25
 47819 | Lair:6   | Found a large runed translucent door.
 48563 | Lair:6   | Found a large runed translucent door.
 48916 | Lair:3   | Found a staircase to the Shoals.
 49561 | Shoals:1 | Entered Level 1 of the Shoals
 49788 | Spider:1 | Entered Level 1 of the Spider Nest
 51556 | Lair:4   | Reached skill level 5 in Hexes
 53923 | Spider:1 | Got an iridescent whip
 53924 | Spider:1 | Identified the cursed +2 whip "Zump" {holy, rF- rC+ Str+7
                  | Dex+2} (You found it on level 1 of the Spider Nest)
 54167 | Spider:1 | Learned a level 2 spell: Blink
 55100 | Spider:1 | HP: 3/84 [poisoned by an emperor scorpion]
 56373 | Spider:3 | Noticed a ghost moth
 56380 | Spider:3 | Killed a ghost moth
 57347 | Spider:3 | Reached skill level 10 in Hexes
 58484 | Spider:3 | Reached XP level 16. HP: 89/89 MP: 4/26
 59918 | Spider:3 | Upgraded the game from 0.26-a0-651-gb41185065b to
                  | 0.26-a0-812-g31a745ddcd
 59984 | Spider:4 | Entered Level 4 of the Spider Nest
 64637 | Spider:4 | Upgraded the game from 0.26-a0-812-g31a745ddcd to
                  | 0.26-a0-1139-g7d2dc893a1
 64730 | Spider:4 | Reached skill level 21 in Stealth
 66508 | Elf:1    | Entered Level 1 of the Elven Halls
 67850 | Elf:1    | Upgraded the game from 0.26-a0-1139-g7d2dc893a1 to
                  | 0.27-a0-40-g5f2be0e231
 68597 | Orc:2    | Reduced skill Dodging to level 15
 68597 | Orc:2    | Upgraded the game from 0.27-a0-40-g5f2be0e231 to
                  | 0.27-a0-333-gfa571bf19a
 68597 | Orc:2    | Quit the game

Illustrated notes

Levels and vault maps discovered:
D:1:      enne_arrival_octagon_isle, layout_loops_cross
D:2:      layout_rooms, serial_glass, glass_columns_a, glass_columns_b,
          due_unseen_surprise, uniq_crazy_yiuf_cottage, uniq_terence
D:3:      layout_basic, elyvilon_altar_5, supply_closet_lemuel,
          grunt_ministairs_1
D:4:      layout_basic, minmay_temple_entry_statues, minmay_goblin_outpost
D:5:      layout_basic
D:6:      layout_loops_ring, basic_altar, hangedman_decor_slide_cut, uniq_maggie
D:7:      layout_basic, eat_drink_and_be_merry_uskayaw
D:8:      layout_loops_corners, grunt_lair_entry_orc_guard_hut
D:9:      layout_long_grid, uniq_erolcha
D:10:     minmay_razor_zed, layout_irregular_city,
          nemelex_xobeh_ov_fountains_minmay, uniq_fannar, uniq_josephine
D:11:     layout_basic, mrwooster_statue_mirror, st_stairs_13
D:12:     layout_roguey, orc_0_dummy, gauntlet_entry_generic, dk_noncrumbling_4,
          minivault_16
D:13:     layout_loops_ring, grunt_vaults_entry_fortified
D:14:     minmay_bloctagon_deflated, layout_basic, serial_park_square2,
          serial_glass, glass_columns_a, glass_columns_b, uniq_agnes
D:15:     grunt_enter_depths_hoard, layout_basic, ebering_ghost_funeral_grove,
          minmay_hedge_maze
Temple:   regret_index_temple_chain_breaker
Lair:1:   layout_regular_city, beast_lair_carwin_7, serial_bayou_shore_a,
          infiniplex_staircase_pool, minmay_lair_oklob_chamber,
          grunt_megastairs_4
Lair:2:   minmay_lair_venomous_thicket, layout_hall_layers
Lair:3:   dpeg_oklob_gauntlet, layout_long_grid, minmay_shoals_entry_hut,
          beast_lair_carwin_5, serial_bayou_shore_b, serial_bayou_shore_b
Lair:4:   layout_long_grid, nicolae_spider_entry_non_spiders
Lair:5:   layout_concentric_octagons, minmay_slime_entry_oklob_enclosed,
          gammafunk_ghost_necromancy, small_statue_intersection,
          grunt_megastairs_2
Lair:6:   cheibrodos_lair_end_hotspot, layout_cave_shapes, serial_bayou_shore_b
Shoals:1: nicolae_shoals_island_circles, layout_shoals
Spider:1: layout_spider_delve, portal_ice_cave_entry_pillars_2
Spider:2: layout_spider_delve
Spider:3: spiders_nest_a, drop_trap, spiders_nest_the_unseen
Spider:4: grunt_spider_rune_parallel
Orc:1:    layout_caves, guppyfry_orc_lava_fort, uniq_urug
Orc:2:    st_orc_rangers, layout_caves, serial_shops, shop,
          kennysheep_orc_chapel
Elf:1:    layout_onion_city, minmay_elf_crystal_hexagon, eino_tiny_chamber,
          drop_trap, minmay_shop_star

Skill      XL: |  1  2  3  4  5  6  7  8  9 10 11 12 13 14 15 16 |
---------------+-------------------------------------------------+-----
Stealth        | 6 7 8 9 10 11 12 13 15 16 18 19 20 21 | 21.4
Dodging        | 2 4 5 7 9 11 13 14 15 16 15 | 15.0
Fighting       | 2 3 4 5 7 8 9 10 11 12 13 | 13.2
Shields        | 1 2 3 4 6 |  6.7
Spellcasting   | 6 8 |  8.8
Hexes          | 2 4 10 12 | 12.4
Ice Magic      | 1 2 3 |  3.0
Air Magic      | 4 |  4.0
Summonings     | 6 7 |  7.0
Poison Magic   | 3 |  3.0
Conjurations   | 2 |  2.0
Short Blades   | |  2.1
Throwing       | |  2.0

Action                   |  1- 3 |  4- 6 |  7- 9 | 10-12 | 13-15 | 16-18 || total
-------------------------+-------+-------+-------+-------+-------+-------++-------
Melee: Dagger            |    73 |    96 |    18 |  1199 |  1051 |   269 ||  2706
       Trident           |       |   163 |   339 |    89 |       |       ||   591
       Flail             |       |       |       |     2 |       |       ||     2
       Rapier            |       |       |       |    20 |   216 |       ||   236
Throw: Dart              |     5 |    14 |    15 |   142 |    51 |     9 ||   236
 Cast: Ensorcelled Hiber |       |       |       |    12 |   614 |   228 ||   854
       Summon Lightning  |       |       |       |       |    97 |     6 ||   103
       Freeze            |       |       |       |       |    32 |       ||    32
       Mephitic Cloud    |       |       |       |       |   115 |    37 ||   152
       Shock             |       |       |       |       |     6 |     3 ||     9
       Summon Ice Beast  |       |       |       |       |    61 |    44 ||   105
       Blink             |       |       |       |       |       |    14 ||    14
Invok: Call Merchant     |       |       |       |     1 |       |       ||     1
Evoke: Wand              |       |       |    14 |     8 |       |    27 ||    49
       Lightning rod     |       |       |       |    10 |     8 |       ||    18
  Use: Scroll            |       |     7 |     7 |    13 |    14 |       ||    41
       Potion            |       |     1 |     1 |     3 |     8 |     2 ||    15
 Stab: Sleeping          |    13 |    23 |    24 |    49 |   290 |   110 ||   509
       Distracted        |       |       |     3 |    11 |    19 |     5 ||    38
       Paralysed         |       |       |       |     4 |       |       ||     4
       Confused          |       |       |       |       |    23 |     7 ||    30
       Held in net/web   |       |       |       |       |       |     1 ||     1
Armor: Robe              |     4 |    23 |    20 |    43 |    75 |    27 ||   192
Dodge: Dodged            |    39 |   181 |   306 |  1059 |  1610 |   345 ||  3540
Block: Buckler           |       |     2 |       |   446 |   616 |   130 ||  1194

Table legend: (Time is in decaauts)
 A = Elapsed time spent in this place.
 B = Non-inter-level travel time spent in this place.
 C = Inter-level travel time spent in this place.
 D = Time resting spent in this place.
 E = Time spent auto-exploring this place.
 F = Levels seen in this place.
 G = Mean time per level.
                   A        B        C        D        E       F      G
               +--------+--------+--------+--------+--------+-----+--------+
         Total |  57164 |  55618 |   1546 |  30948 |   2855 |  30 | 1905.5 |
       Dungeon |  24057 |  23311 |    746 |  11406 |   1385 |  15 | 1603.8 |
        Temple |     95 |     79 |     16 |      0 |     75 |   1 |   95.0 |
          Lair |  17022 |  16548 |    474 |   9692 |    923 |   6 | 2837.0 |
        Shoals |    142 |    142 |      0 |     64 |      0 |   1 |  142.0 |
   Spider Nest |  10853 |  10613 |    240 |   6843 |    223 |   4 | 2713.2 |
  Orcish Mines |   4281 |   4214 |     67 |   2624 |    247 |   2 | 2140.5 |
   Elven Halls |    711 |    710 |      1 |    318 |      0 |   1 |  711.0 |
               +--------+--------+--------+--------+--------+-----+--------+

Top non-repeatable levels by time:
  Lair:4: 5317 daAuts
Spider:3: 5214 daAuts
  Lair:1: 3464 daAuts
Spider:2: 3025 daAuts
  Lair:2: 2885 daAuts
    D:12: 2768 daAuts
    D:13: 2601 daAuts
     D:8: 2303 daAuts
     D:5: 2288 daAuts
   Orc:2: 2237 daAuts
  Lair:3: 2074 daAuts
    D:14: 2062 daAuts
     D:9: 2060 daAuts
   Orc:1: 2043 daAuts
    D:10: 2002 daAuts
